 Dungeon Crawl Stone Soup version 0.29.0-13-gc9e81de378 (webtiles) character file.

Game seed: 14577931506132441260

116 Ofeo the Covered (level 4, -2/41 HPs)
             Began as a Minotaur Fighter on Sept 11, 2022.
             Slain by a sky beast (6 damage)
             ... on level 3 of the Dungeon.
             The game lasted 00:00:42 (1376 turns).

Ofeo the Covered (Minotaur Fighter)                 Turns: 1376, Time: 00:00:42

Health: -2/41      AC:  7    Str: 22    XL:     4   Next: 70%
Magic:  3/3        EV:  9    Int:  5    God:
Gold:   64         SH:  4    Dex: 10    Spells: 3/3 levels left

rFire   . . .      SeeInvis .   a - +0 war axe
rCold   . . .      Faith    .   c - +0 buckler
rNeg    . . .      Spirit   .   b - +0 scale mail
rPois   .          Reflect  .   (helmet restricted)
rElec   .          Harm     .   (no cloak)
rCorr   .          Rampage  .   (no gloves)
Will    .....                   (no boots)
Stlth   ..........              (no amulet)
HPRegen 0.13/turn               (no ring)
MPRegen 0.08/turn               (no ring)

@: no status effects
A: horns 2, retaliatory headbutt
a: no special abilities


You were on level 3 of the Dungeon.
You visited 1 branch of the dungeon, and saw 3 of its levels.

You collected 64 gold pieces.

Inventory:

Hand Weapons
 a - a +0 war axe (weapon)
Armour
 b - a +0 scale mail (worn)
 c - a +0 buckler (worn)
Jewellery
 k - a ring of positive energy
Scrolls
 e - 2 scrolls of identify {unknown}
 f - a scroll of butterflies {unknown}
 j - a scroll of brand weapon {unknown}
Potions
 d - a potion of might {@q4}
 g - a potion of lignification {unknown}
 h - a potion of mutation {unknown}
 i - 2 potions of heal wounds {unknown}
 l - a potion of curing {unknown}


   Skills:
 + Level 4.5 Fighting
 + Level 3.6 Axes
 + Level 4.5 Armour
 + Level 4.5 Shields


You had 3 spell levels left.
You didn't know any spells.
Your spell library was empty.

Dungeon Overview and Level Annotations

Branches:
Dungeon (3/15)

Altars:


Innate Abilities, Weirdness & Mutations

You have a pair of horns on your head.
You reflexively headbutt those who attack you in melee.


Message History

You are too injured to fight recklessly!
You are too injured to fight recklessly!
You are too injured to fight recklessly!
You are too injured to fight recklessly!
You are too injured to fight recklessly!
You are too injured to fight recklessly!
You are too injured to fight recklessly!
You closely miss the sky beast.
The sky beast is heavily wounded.
The sky beast hits you. The sky beast shocks you. The sky beast hits you.
The sky beast shocks you.
You take 14 damage, and have 14/41 hp.
MASSIVE DAMAGE!!
You closely miss the sky beast.
The sky beast is heavily wounded.
The sky beast hits you but does no damage.
You closely miss the sky beast.
You headbutt the sky beast, but do no damage.
The sky beast is heavily wounded.
The sky beast hits you but does no damage.
You miss the sky beast.
The sky beast is heavily wounded.
The sky beast hits you but does no damage.
The sky beast barely misses you.
You barely miss the sky beast.
The sky beast is heavily wounded.
The sky beast completely misses you. You furiously retaliate!
You headbutt the sky beast. You closely miss the sky beast.
You headbutt the sky beast.
The sky beast is almost dead.
The sky beast flickers out of sight!
Deactivating autopickup; reactivate with Ctrl-A.
Something hits you but does no damage.
You miss something. Something hits you. Something shocks you.
* * * LOW HITPOINT WARNING * * *
A bat comes into view.
Something hits you.
* * * LOW HITPOINT WARNING * * *
Something shocks you.
You die...

? ###.... ~.#####
.........
~).....###........
##.....##........
#.......#........
#....{@.#........
#.......#........
..#...............
........##<.......
.........#........
.........##..###..
......... .##
b......... .#
.##.... ##


You could see a bat.

Vanquished Creatures
  Natasha (thrice) (D:2)
  An adder (D:3)
  A worm (D:2)
  A dart slug (D:1)
  3 bats (D:1)
  An endoplasm (D:1)
  A giant cockroach (D:2)
  A hobgoblin (D:2)
  3 jackals (D:2)
  3 kobolds
  2 ball pythons (D:2)
  2 frilled lizards (D:2)
  3 goblins
  8 rats
33 creatures vanquished.

Vanquished Creatures (others)
  A plant (D:1)
1 creature vanquished.

Grand Total: 34 creatures vanquished

Notes
Turn   | Place    | Note
-------+----------+-------------------------------------------
     0 | D:1      | Ofeo the Minotaur Fighter began the quest for the Orb.
     0 | D:1      | Reached XP level 1. HP: 19/19 MP: 0/0
    49 | D:1      | Reached XP level 2. HP: 27/27 MP: 1/1
   230 | D:2      | Noticed Natasha
   238 | D:2      | Killed Natasha
   239 | D:2      | Reached XP level 3. HP: 19/33 MP: 2/2
   913 | D:2      | Noticed Natasha
   920 | D:2      | Killed Natasha
   921 | D:2      | Reached XP level 4. HP: 17/41 MP: 3/3
  1150 | D:2      | Noticed Natasha
  1160 | D:2      | Killed Natasha
  1358 | D:3      | Noticed a sky beast
  1376 | D:3      | Slain by a sky beast

Illustrated notes

Levels and vault maps discovered:
D:1:      dpeg_arrival_rooms_with_view, layout_rooms, serial_bayou_lake_a
D:2:      layout_loops_corners, basic_ecumenical_altar, minmay_circle_x,
          uniq_natasha
D:3:      layout_rooms, grunt_ministairs_3, serial_bayou_pond_d, minivault_24,
          amcnicky_mini_corridor_feature

Skill      XL: |  1  2 |
---------------+-------+-----
Fighting       | 4 |  4.5
Axes           | 3 |  3.6
Armour         | 4 |  4.5
Shields        | 4 |  4.5

Action                   |  1- 3 |  4- 6 || total
-------------------------+-------+-------++-------
Melee: War axe           |    54 |    20 ||    74
       Headbutt          |     7 |     3 ||    10
Armor: Scale mail        |    28 |    11 ||    39
Dodge: Dodged            |    31 |    12 ||    43
Block: Buckler           |     4 |     3 ||     7
